Map: Echo LE (Void)

Players

Musumeci

  • Race: Zerg Zerg
  • League: Diamond
  • Spawn Location: 5:00

XyJIиЦезарь

  • Race: Protoss Protoss
  • League: Diamond
  • Spawn Location: 11:00

VOD

Have the link to the VOD?

Description

Time

  • Played on: Jan. 2, 2017, 6:04 a.m.
  • Length: 12:18
Show
View Real Time Build Order
Export as new Build Order

Musumeci Zerg 

Build Orders: Hatch First 

Get SALT Encoding   

  13  0:07  Drone x2  
  14  0:15  Drone, Extractor  
  15  0:40  Hatchery  
  14  0:57  Spawning Pool  
  13  1:08  Drone  
  13  1:10  Drone, Extractor  
  14  1:32  Drone, Extractor  
  14  1:34  Overlord  
  14  1:55  Queen  
  14  1:56  Queen  
  18  2:05  Drone  
  19  2:08  Drone  
  19  2:12  Drone  
  21  2:17  Drone  
  21  2:22  Drone  
  23  2:35  Lair  
  23  2:41  Zergling x2  
  23  2:42  Zergling x2  
  25  2:45  Drone  
  25  2:48  Drone  
  25  2:51  Drone  
  28  3:02  Metabolic Boost  
  28  3:07  Extractor  
  28  3:10  Drone  
  28  3:19  Overlord  
  28  3:20  Overlord  
  28  3:39  Zergling x6  
  28  3:40  Zergling x4  
  28  3:41  Drone x3  
  36  3:43  Drone  
  36  3:48  Spore Crawler  
  36  3:52  Spore Crawler  
  35  4:04  Drone x3  
  35  4:05  Drone  
  39  4:15  Nydus Network  
  38  4:29  Queen  
  40  4:35  Drone x4  
  43  4:50  Overlord  
  43  5:00  Nydus Canal  
  43  5:08  Queen  
  43  5:13  Zergling x6  
  43  5:14  Zergling x8  
  44  5:42  Zergling x20  
  46  5:57  Nydus Canal  
  43  6:07  Zergling x10  
  47  6:20  Zergling x8  
  48  6:35  Zergling x6  
  44  6:53  Nydus Canal  
  42  6:56  Zergling x8  
  42  6:57  Queen  
  42  6:58  Queen  
  42  7:01  Zergling x2  
  51  7:04  Drone  
  51  7:07  Nydus Canal  
  39  7:39  Baneling Nest, Roach Warren  
  39  7:43  Drone x6  
  43  7:48  Queen, Extractor  
  43  7:50  Extractor  
  43  7:51  Hatchery, Queen  
  44  8:26  Overlord  
  44  8:27  Overlord x3  
  44  8:44  Centrifical Hooks  
  44  8:47  Zergling x18  
  53  8:49  Baneling x7  
  53  8:55  Nydus Canal  
  53  8:59  Overseer  
  40  9:54  Drone x6  
  40  9:56  Drone x6  
  52  10:04  Drone  
  52  10:05  Queen  
  52  10:06  Queen x2  
  59  10:08  Glial Reconstitution  
  59  10:10  Overseer  
  59  10:12  Zergling x6  
  62  10:15  Baneling  
  62  10:44  Drone x9  
  71  11:08  Zergling x12  
  77  11:16  Evolution Chamber  
  77  11:17  Baneling x5  
  77  11:18  Baneling x4  
  76  11:22  Roach x2  
  76  11:23  Overlord x3  
  80  11:32  Extractor  
  79  11:33  Extractor  
  79  11:35  Overlord x2  
  78  11:57  Baneling, Zergling x2  
  78  11:58  Zergling x18  
Show
View Real Time Build Order
Export as new Build Order

XyJIиЦезарь Protoss 

Build Orders: 1 Gate Expand, Oracle Opening 

Get SALT Encoding   

  12  0:00  Probe (Chrono Boost)  
  13  0:11  Probe (Chrono Boost)  
  14  0:19  Pylon  
  14  0:23  Probe (Chrono Boost)  
  15  0:37  Probe (Chrono Boost)  
  15  0:40  Gateway  
  16  0:48  Probe (Chrono Boost)  
  17  0:52  Assimilator  
  17  0:58  Probe (Chrono Boost)  
  18  1:09  Probe (Chrono Boost)  
  19  1:20  Probe (Chrono Boost)  
  20  1:32  Nexus  
  20  1:40  Cybernetics Core  
  20  1:45  Pylon  
  20  1:48  Probe (Chrono Boost)  
  20  1:53  Assimilator  
  21  1:59  Probe (Chrono Boost)  
  22  2:10  Pylon, Probe (Chrono Boost)  
  23  2:18  Adept  
  23  2:19  Warp Gate  
  23  2:22  Probe (Chrono Boost)  
  26  2:33  Probe (Chrono Boost)  
  27  2:43  Stargate, Probe (Chrono Boost)  
  28  2:45  Probe (Chrono Boost)  
  28  2:48  Zealot  
  31  2:54  Probe (Chrono Boost)  
  31  2:57  Probe (Chrono Boost)  
  33  3:04  Probe (Chrono Boost)  
  34  3:07  Mothership Core (Chrono Boost)  
  36  3:15  Probe (Chrono Boost)  
  36  3:18  Gateway  
  37  3:25  Oracle  
  37  3:26  Probe x2 (Chrono Boost)  
  42  3:37  Probe (Chrono Boost)  
  42  3:38  Probe (Chrono Boost)  
  42  3:40  Gateway  
  44  3:48  Probe (Chrono Boost)  
  45  3:50  Probe (Chrono Boost)  
  45  3:51  Pylon  
  46  3:56  Oracle  
  46  3:58  Probe (Chrono Boost)  
  51  4:04  Pylon, Probe (Chrono Boost)  
  51  4:11  Probe (Chrono Boost)  
  51  4:12  Forge  
  51  4:17  Pylon  
  52  4:19  Probe (Chrono Boost)  
  52  4:22  Probe (Chrono Boost)  
  54  4:26  Assimilator  
  54  4:28  Assimilator  
  54  4:31  Probe (Chrono Boost)  
  55  4:32  Probe (Chrono Boost)  
  56  4:50  Phoenix  
  55  4:53  Probe (Chrono Boost)  
  55  4:55  Nexus  
  57  5:00  Pylon  
  57  5:01  Adept x3  
  57  5:02  Pylon  
  57  5:03  Protoss Ground Weapons Level 1  
  63  5:09  Probe x2 (Chrono Boost)  
  65  5:16  Twilight Council  
  65  5:21  Probe (Chrono Boost)  
  67  5:22  Zealot x3, Probe (Chrono Boost)  
  63  5:33  Probe (Chrono Boost)  
  62  5:38  Probe (Chrono Boost)  
  62  5:39  Photon Cannon  
  63  5:45  Probe (Chrono Boost)  
  65  5:50  Zealot, Probe (Chrono Boost)  
  67  5:57  Probe (Chrono Boost)  
  67  5:59  Zealot x2  
  72  6:05  Probe (Chrono Boost)  
  72  6:10  Probe (Chrono Boost), Resonating Glaives  
  74  6:11  Probe (Chrono Boost)  
  74  6:17  Probe (Chrono Boost)  
  74  6:18  Zealot  
  74  6:21  Probe (Chrono Boost)  
  74  6:23  Probe (Chrono Boost)  
  69  6:28  Adept  
  69  6:29  Probe (Chrono Boost)  
  69  6:32  Probe (Chrono Boost)  
  67  6:36  Probe (Chrono Boost)  
  67  6:39  Adept  
  71  6:41  Probe (Chrono Boost)  
  71  6:44  Adept  
  71  6:45  Probe (Chrono Boost)  
  75  6:48  Probe (Chrono Boost)  
  75  6:53  Probe (Chrono Boost)  
  76  6:56  Probe (Chrono Boost)  
  77  7:03  Dark Shrine  
  77  7:04  Adept  
  77  7:05  Adept  
  81  7:15  Adept  
  84  7:16  Probe (Chrono Boost)  
  84  7:17  Probe x2 (Chrono Boost)  
  86  7:24  Assimilator  
  86  7:28  Probe x3 (Chrono Boost)  
  84  7:32  Zealot x2  
  88  7:38  Probe (Chrono Boost)  
  88  7:39  Probe (Chrono Boost)  
  88  7:40  Probe (Chrono Boost)  
  91  7:49  Probe (Chrono Boost)  
  91  7:50  Probe (Chrono Boost)  
  93  7:51  Pylon  
  93  7:56  Probe (Chrono Boost)  
  93  7:58  Protoss Ground Weapons Level 2  
  94  8:08  Assimilator  
  94  8:10  Robotics Facility, Assimilator  
  94  8:11  Probe x3 (Chrono Boost)  
  97  8:17  Dark Templar x2  
  101  8:22  Probe (Chrono Boost)  
  101  8:26  Probe x2 (Chrono Boost), Charge  
  104  8:30  Gateway x2  
  104  8:34  Probe (Chrono Boost)  
  104  8:39  Probe (Chrono Boost)  
  104  8:40  Probe (Chrono Boost)  
  107  8:45  Pylon, Probe (Chrono Boost)  
  108  8:49  Probe (Chrono Boost)  
  109  9:01  Observer, Pylon  
  109  9:03  Pylon  
  109  9:04  Probe (Chrono Boost)  
  109  9:05  Probe x2 (Chrono Boost)  
  109  9:07  Pylon  
  113  9:14  Probe (Chrono Boost)  
  112  9:17  Probe x2 (Chrono Boost)  
  112  9:18  Adept  
  112  9:19  Adept x2  
  112  9:20  Immortal  
  114  9:35  Probe (Chrono Boost)  
  114  9:37  Zealot x2, Probe (Chrono Boost)  
  108  9:45  Probe (Chrono Boost)  
  106  9:48  Zealot x3, Probe (Chrono Boost)  
  106  9:50  Probe (Chrono Boost)  
  114  9:55  Probe (Chrono Boost)  
  120  10:00  Probe (Chrono Boost)  
  120  10:02  Probe (Chrono Boost)  
  120  10:04  Warp Prism  
  120  10:05  Protoss Ground Armor Level 1  
  120  10:06  Dark Templar x2  
  125  10:07  Pylon  
  125  10:08  Pylon  
  125  10:12  Probe (Chrono Boost)  
  125  10:13  Probe (Chrono Boost)  
  126  10:15  Probe (Chrono Boost)  
  126  10:18  Archon  
  126  10:19  Dark Templar  
  126  10:20  Dark Templar x2  
  132  10:29  Gateway  
  132  10:30  Gateway  
  132  10:32  Gateway  
  132  10:33  Archon  
  132  10:40  Gateway, Dark Templar x2  
  136  10:43  Gateway x2  
  136  10:44  Archon  
  136  10:46  Observer  
  137  10:58  Dark Templar  
  137  10:59  Dark Templar x2  
  143  11:05  Gateway, Forge  
  143  11:11  Archon  
  143  11:12  Archon  
  143  11:13  Zealot x2  
  147  11:27  Observer  
  147  11:28  Probe (Chrono Boost)  
  147  11:31  Pylon  
  149  11:40  Pylon  
  149  11:43  Pylon x2  
  149  11:45  Pylon  
  149  11:54  Pylon  
  149  11:58  Assimilator, Nexus  
  149  11:59  Adept x4, Pylon  
  149  12:00  Adept x2, Pylon x2  
  161  12:03  Assimilator  
Tags
 
Add a new tag
Caveats
  • Supply blocks, unpowered buildings, or Contaminate may cause inaccurate times.
  • Supply counts are checked every 10 seconds.